IL
LOUISVILLE BATS @ SYRACUSE CHIEFS
08/16/2099
 
TOP OF THE 1ST
Louisville Bats batting - Pitching for Syracuse Chiefs : RHP Brandon Banks
Pitching: RHP Brandon Banks
Batting: LHB Edwin Longoria 0-0: Called Strike
0-1: Ball
1-1: Ball
2-1: Ball
3-1: Base on Balls
Batting: RHB Rodolfo Gutierrez 0-0: Called Strike
0-1: Ball
1-1: Grounds into double play, 6-4-3 (Groundball, 6, EV 88.1 MPH)
Batting: RHB Gerardo Machado 0-0: Called Strike
0-1: Ball
1-1: Foul Ball, location: 25FF
1-2: Strikes out swinging
Top of the 1st over - 0 runs, 0 hits, 0 errors, 0 left on base; Louisville 0 - Syracuse 0
BOTTOM OF THE 1ST
Syracuse Chiefs batting - Pitching for Louisville Bats : LHP Seth Jinks
Pitching: LHP Seth Jinks
Batting: LHB Tom Monroe 0-0: Ball
1-0: Fly out, F8 (Line Drive, 78M, EV 110.6 MPH)
Batting: RHB Omar Flores 0-0: Called Strike
0-1: Foul Ball, location: 3SF
0-2: Ball
1-2: Ball
2-2: Ground out 4-3 (Groundball, 4, EV 90.6 MPH)
Batting: LHB Jesus Medrano 0-0: Foul Ball, location: 3DF
0-1: DOUBLE (Flyball, 78XD, EV 100.0 MPH)
Batting: RHB Ryan Carey 0-0: Fly out, F8 (Line Drive, 89M, EV 85.0 MPH)
Bottom of the 1st over - 0 runs, 1 hit, 0 errors, 1 left on base; Louisville 0 - Syracuse 0
TOP OF THE 2ND
Louisville Bats batting - Pitching for Syracuse Chiefs : RHP Brandon Banks
Batting: RHB Jamie Schexnider 0-0: Ball
1-0: Ball
2-0: Called Strike
2-1: Ball
3-1: SINGLE (Groundball, 6MD, EV 94.4 MPH)
Batting: RHB Josh Simms 0-0: Called Strike
0-1: Foul Ball, location: 7LSFF
0-2: Ball
1-2: Strikes out swinging
Batting: RHB Preston Phillips 0-0: Ball
1-0: SINGLE (Line Drive, 3D, EV 94.4 MPH)
Jamie Schexnider to second
Batting: LHB Nelson Valencia 0-0: SINGLE (Line Drive, 89S, EV 93.1 MPH)
Jamie Schexnider to third
Preston Phillips to second
Batting: RHB Ed Pride 0-0: Foul Ball, location: 2F
0-1: Called Strike
0-2: Ball
1-2: Fly out, F8 (Line Drive, 8LS, EV 96.3 MPH)
Batting: RHB Archie Woodford 0-0: Ball
1-0: Swinging Strike
1-1: Foul Ball, location: 2F
1-2: Foul Ball, location: 2F
1-2: Ground out 5-3 (Groundball, 56S, EV 84.4 MPH)
Top of the 2nd over - 0 runs, 3 hits, 0 errors, 3 left on base; Louisville 0 - Syracuse 0
BOTTOM OF THE 2ND
Syracuse Chiefs batting - Pitching for Louisville Bats : LHP Seth Jinks
Batting: RHB Mike Hoffman 0-0: Ball
1-0: Called Strike
1-1: Foul Ball, location: 3SF
1-2: Ball
2-2: Foul Ball, location: 5F
2-2: Ball
3-2: Foul Ball, location: 9LDF
3-2: Foul Ball, location: 23F
3-2: Foul Ball, location: 9LSF
3-2: Foul Ball, location: 5SF
3-2: Foul Ball, location: 25F
3-2: SINGLE (Line Drive, 9S, EV 96.3 MPH)
Batting: RHB Brandon Blankenship 0-0: Foul Ball, location: 7LSF
0-1: Swinging Strike
0-2: Ball
1-2: Ball
2-2: Grounds into double play, 4-6-3 (Groundball, 4, EV 78.1 MPH)
Batting: RHB Jared White 0-0: Ball
1-0: Ball
2-0: Ball
3-0: Called Strike
3-1: Ground out 4-3 (Groundball, 4MD, EV 76.9 MPH)
Bottom of the 2nd over - 0 runs, 1 hit, 0 errors, 0 left on base; Louisville 0 - Syracuse 0
TOP OF THE 3RD
Louisville Bats batting - Pitching for Syracuse Chiefs : RHP Brandon Banks
Batting: LHB Edwin Longoria 0-0: Called Strike
0-1: Ground out 6-3 (Groundball, 6, EV 88.1 MPH)
Batting: RHB Rodolfo Gutierrez 0-0: Called Strike
0-1: Ball
1-1: Called Strike
1-2: Fly out, F8 (Flyball, 8LM, EV 76.9 MPH)
Batting: RHB Gerardo Machado 0-0: Swinging Strike
0-1: Called Strike
0-2: Strikes out swinging
Top of the 3rd over - 0 runs, 0 hits, 0 errors, 0 left on base; Louisville 0 - Syracuse 0
BOTTOM OF THE 3RD
Syracuse Chiefs batting - Pitching for Louisville Bats : LHP Seth Jinks
Batting: LHB David Marquer 0-0: Called Strike
0-1: Ball
1-1: Foul Ball, location: 2F
1-2: Foul Ball, location: 2F
1-2: Strikes out swinging
Batting: RHB Faical Giraldes 0-0: Called Strike
0-1: Foul Ball, location: 2F
0-2: Ball
1-2: Foul Ball, location: 9LSF
1-2: Fly out, F9 (Flyball, 89M, EV 98.8 MPH)
Batting: LHB Tom Monroe 0-0: Ball
1-0: Ball
2-0: Foul Ball, location: 5FF
2-1: SINGLE (Groundball, 4M, EV 86.3 MPH) (infield hit)
Batting: RHB Omar Flores 0-0: Fly out, F9 (Line Drive, 9, EV 86.9 MPH)
Bottom of the 3rd over - 0 runs, 1 hit, 0 errors, 1 left on base; Louisville 0 - Syracuse 0
TOP OF THE 4TH
Louisville Bats batting - Pitching for Syracuse Chiefs : RHP Brandon Banks
Batting: RHB Jamie Schexnider 0-0: Fly out, F8 (Flyball, 8RD, EV 99.4 MPH)
Batting: RHB Josh Simms 0-0: Called Strike
0-1: Fly out, F8 (Flyball, 8LD, EV 92.5 MPH)
Batting: RHB Preston Phillips 0-0: Ground out 6-3 (Groundball, 56, EV 87.5 MPH)
Top of the 4th over - 0 runs, 0 hits, 0 errors, 0 left on base; Louisville 0 - Syracuse 0
BOTTOM OF THE 4TH
Syracuse Chiefs batting - Pitching for Louisville Bats : LHP Seth Jinks
Batting: LHB Jesus Medrano 0-0: Called Strike
0-1: Called Strike
0-2: Foul Ball, location: 7LDF
0-2: Strikes out swinging
Batting: RHB Ryan Carey 0-0: Swinging Strike
0-1: Ball
1-1: Foul Ball, location: 7LMFF
1-2: Ball
2-2: Foul Ball, location: 2F
2-2: Strikes out looking
Batting: RHB Mike Hoffman 0-0: Ball
1-0: Called Strike
1-1: Foul Ball, location: 25F
1-2: Ball
2-2: Strikes out looking
Bottom of the 4th over - 0 runs, 0 hits, 0 errors, 0 left on base; Louisville 0 - Syracuse 0
TOP OF THE 5TH
Louisville Bats batting - Pitching for Syracuse Chiefs : RHP Brandon Banks
Batting: LHB Nelson Valencia 0-0: Ball
1-0: Called Strike
1-1: Foul Ball, location: 2F
1-2: Strikes out swinging
Batting: RHB Ed Pride 0-0: Called Strike
0-1: Foul Ball, location: 2F
0-2: Ground out 1-3 (Groundball, 15, EV 71.3 MPH)
Batting: RHB Archie Woodford 0-0: Ball
1-0: Fly out, F4 (Popup, 4M, EV 53.1 MPH)
Top of the 5th over - 0 runs, 0 hits, 0 errors, 0 left on base; Louisville 0 - Syracuse 0
BOTTOM OF THE 5TH
Syracuse Chiefs batting - Pitching for Louisville Bats : LHP Seth Jinks
Batting: RHB Brandon Blankenship 0-0: Swinging Strike
0-1: Foul Ball, location: 2F
0-2: Ball
1-2: Hit by Pitch
Batting: RHB Jared White 0-0: Fly out, F8 (Line Drive, 8LM, EV 101.3 MPH)
Batting: LHB David Marquer 0-0: Ball
1-0: Grounds into double play, 6-4-3 (Groundball, 6, EV 82.5 MPH)
Bottom of the 5th over - 0 runs, 0 hits, 0 errors, 0 left on base; Louisville 0 - Syracuse 0
TOP OF THE 6TH
Louisville Bats batting - Pitching for Syracuse Chiefs : RHP Brandon Banks
Batting: LHB Edwin Longoria 0-0: Called Strike
0-1: SINGLE (Groundball, 3D, EV 99.4 MPH)
Batting: RHB Rodolfo Gutierrez 0-0: Called Strike
0-1: Ball
1-1: Foul Ball, location: 2F
1-2: 2-RUN HOME RUN (Flyball, 7D, EV 97.5 MPH), Distance : 365 ft
Batting: RHB Gerardo Machado 0-0: SINGLE (Line Drive, 4MD, EV 98.1 MPH)
Batting: RHB Jamie Schexnider 0-0: Ball
1-0: Called Strike
1-1: Ball
2-1: Ball
3-1: Foul Ball, location: 25F
3-2: Strikes out swinging
Gerardo Machado steals 2nd base
Batter strikes out.
Batting: RHB Josh Simms 0-0: Intentional Walk
Batting: RHB Preston Phillips 0-0: Ball
1-0: Ball
2-0: Swinging Strike
2-1: Foul Ball, location: 5SF
2-2: Ball
3-2: Base on Balls
Gerardo Machado to third
Josh Simms to second
Batting: LHB Nelson Valencia 0-0: Swinging Strike
0-1: Swinging Strike
0-2: Ball
1-2: Ball
2-2: Ball
3-2: Strikes out swinging
Batting: RHB Ed Pride 0-0: Called Strike
0-1: Ball
1-1: Fly out, F7 (Flyball, 7LS, EV 86.9 MPH)
Top of the 6th over - 2 runs, 3 hits, 0 errors, 3 left on base; Louisville 2 - Syracuse 0
BOTTOM OF THE 6TH
Syracuse Chiefs batting - Pitching for Louisville Bats : LHP Seth Jinks
Batting: RHB Faical Giraldes 0-0: Called Strike
0-1: Swinging Strike
0-2: Ball
1-2: Ball
2-2: Strikes out swinging
Batting: LHB Tom Monroe 0-0: Called Strike
0-1: Called Strike
0-2: Foul Ball, location: 2F
0-2: Ball
1-2: Strikes out swinging
Batting: RHB Omar Flores 0-0: Called Strike
0-1: Foul Ball, location: 9LSF
0-2: Foul Ball, location: 2F
0-2: Foul Ball, location: 5F
0-2: Foul Ball, location: 2F
0-2: Ball
1-2: Fly out, F8 (Line Drive, 78M, EV 85.6 MPH)
Bottom of the 6th over - 0 runs, 0 hits, 0 errors, 0 left on base; Louisville 2 - Syracuse 0
TOP OF THE 7TH
Louisville Bats batting - Pitching for Syracuse Chiefs : RHP Brandon Banks
Batting: RHB Archie Woodford 0-0: Ball
1-0: Ball
2-0: Fly out, F7 (Line Drive, 78M, EV 91.3 MPH)
Batting: LHB Edwin Longoria 0-0: Foul Ball, location: 25FF
0-1: Ball
1-1: Foul Ball, location: 2LF
1-2: SINGLE (Line Drive, 78S, EV 86.3 MPH)
Batting: RHB Rodolfo Gutierrez 0-0: Ball
1-0: Ball
2-0: Called Strike
2-1: DOUBLE (Line Drive, 9LS, EV 104.4 MPH)
Edwin Longoria to third
Runner from 3rd tries for Home, SAFE, throw by RF to home
Batting: RHB Gerardo Machado 0-0: Called Strike
0-1: DOUBLE (Line Drive, 3D, EV 96.3 MPH)
Rodolfo Gutierrez scores
Batting: RHB Jamie Schexnider 0-0: Foul Ball, location: 7LSF
0-1: Ball
1-1: Ball
2-1: Called Strike
2-2: Ball
3-2: Base on Balls
Batting: RHB Josh Simms 0-0: Called Strike
0-1: Called Strike
0-2: Ball
1-2: Foul Ball, location: 2F
1-2: Foul Ball, location: 7LDF
1-2: Ball
2-2: Grounds into double play, 5-4-3 (Groundball, 56, EV 84.4 MPH)
Top of the 7th over - 2 runs, 3 hits, 0 errors, 1 left on base; Louisville 4 - Syracuse 0
BOTTOM OF THE 7TH
Syracuse Chiefs batting - Pitching for Louisville Bats : LHP Seth Jinks
Batting: LHB Jesus Medrano 0-0: Called Strike
0-1: Ball
1-1: Called Strike
1-2: Ball
2-2: Foul Ball, location: 3F
2-2: Foul Ball, location: 3SF
2-2: Ball
3-2: SINGLE (Line Drive, 56, EV 97.5 MPH)
Batting: RHB Ryan Carey 0-0: Ball
1-0: Called Strike
1-1: Foul Ball, location: 5FF
1-2: Ball
2-2: DOUBLE (Line Drive, 9LD, EV 103.8 MPH)
Jesus Medrano to third
Batting: RHB Mike Hoffman 0-0: Called Strike
0-1: Ball
1-1: Fly out, F7 (Flyball, 7D, EV 81.9 MPH)
Runner from 3rd tags up, SCORES, no throw by LF
Batting: RHB Brandon Blankenship 0-0: Called Strike
0-1: Ball
1-1: Called Strike
1-2: Ball
2-2: Ball
3-2: Strikes out swinging
Pitching: RHP Sandy Encarnacion
Pinch Hitting: LHB Gene Ratcliff 0-0: Ball
1-0: Foul Ball, location: 5F
1-1: Swinging Strike
1-2: Foul Ball, location: 23F
1-2: Foul Ball, location: 2F
1-2: Ball
2-2: Ball
3-2: Foul Ball, location: 25F
3-2: Strikes out looking
Bottom of the 7th over - 1 run, 2 hits, 0 errors, 1 left on base; Louisville 4 - Syracuse 1
TOP OF THE 8TH
Louisville Bats batting - Pitching for Syracuse Chiefs : RHP Brandon Banks
Now in CF: Gene Ratcliff
Batting: RHB Preston Phillips 0-0: Called Strike
0-1: Foul Ball, location: 9LMF
0-2: Strikes out looking
Pitching: RHP John Short
Batting: LHB Nelson Valencia 0-0: Ball
1-0: Ball
2-0: Foul Ball, location: 2F
2-1: Ball
3-1: Called Strike
3-2: Foul Ball, location: 25F
3-2: Base on Balls
Batting: RHB Ed Pride 0-0: Ball
1-0: Foul Ball, location: 9LSF
1-1: Foul Ball, location: 23FF
1-2: Ball
2-2: Strikes out swinging
Batting: RHB Archie Woodford 0-0: Ball
1-0: Ground out 4-3 (Groundball, 4, EV 84.4 MPH)
Top of the 8th over - 0 runs, 0 hits, 0 errors, 1 left on base; Louisville 4 - Syracuse 1
BOTTOM OF THE 8TH
Syracuse Chiefs batting - Pitching for Louisville Bats : RHP Sandy Encarnacion
Batting: LHB David Marquer 0-0: Ball
1-0: Reached via error on a dropped throw from 1B, E1 (Groundball, 34, EV 98.1 MPH)
Pinch Hitting: LHB Juan Chavez 0-0: Called Strike
0-1: Ball
1-1: Called Strike
1-2: Ball
2-2: Strikes out swinging
Batting: LHB Tom Monroe 0-0: Ball
1-0: Called Strike
1-1: Ball
2-1: Fly out, F7 (Flyball, 7LSF, EV 87.5 MPH)
Batting: RHB Omar Flores 0-0: Ball
1-0: Ball
2-0: Ground out 6-3 (Groundball, 56, EV 105.0 MPH)
Bottom of the 8th over - 0 runs, 0 hits, 1 error, 1 left on base; Louisville 4 - Syracuse 1
TOP OF THE 9TH
Louisville Bats batting - Pitching for Syracuse Chiefs : RHP John Short
Now at 3B: Juan Chavez
Batting: LHB Edwin Longoria 0-0: Foul Ball, location: 25FF
0-1: Ground out 4-3 (Groundball, 4, EV 106.3 MPH)
Batting: RHB Rodolfo Gutierrez 0-0: Ball
1-0: Ball
2-0: Ground out 6-3 (Groundball, 6, EV 80.6 MPH)
Batting: RHB Gerardo Machado 0-0: Called Strike
0-1: Swinging Strike
0-2: Foul Ball, location: 9LSF
0-2: Foul Ball, location: 2F
0-2: SOLO HOME RUN (Flyball, 89XD, EV 110.0 MPH), Distance : 404 ft
Batting: RHB Jamie Schexnider 0-0: Ball
1-0: Ball
2-0: Ground out 6-3 (Groundball, 6, EV 86.3 MPH)
Top of the 9th over - 1 run, 1 hit, 0 errors, 0 left on base; Louisville 5 - Syracuse 1
BOTTOM OF THE 9TH
Syracuse Chiefs batting - Pitching for Louisville Bats : RHP Sandy Encarnacion
Batting: LHB Jesus Medrano 0-0: Ball
1-0: Ball
2-0: Foul Ball, location: 9LDF
2-1: Ball
3-1: Called Strike
3-2: Ground out 3-1 (Groundball, 13, EV 88.8 MPH)
Batting: RHB Ryan Carey 0-0: SINGLE (Flyball, 9S, EV 91.9 MPH)
Batting: RHB Mike Hoffman 0-0: Foul Ball, location: 9LSF
0-1: Ball
1-1: Swinging Strike
1-2: Strikes out swinging
Batting: RHB Brandon Blankenship 0-0: Called Strike
0-1: Ground out 4-3 (Groundball, 4S, EV 91.3 MPH)
Bottom of the 9th over - 0 runs, 1 hit, 0 errors, 1 left on base; Louisville 5 - Syracuse 1
Tuesday, May 14th , 2024 - OOTP Baseball 24.11 Build 85